 Dungeon Crawl Stone Soup version 0.25.1-2-g60ff931df9 (webtiles) character file.

Game seed: 4769122714126118257

1146 snilloc10 the Cleaver (level 8, -1/75 HPs)
             Began as a Hill Orc Fighter on Dec 8, 2020.
             Slain by a killer bee (6 damage)
             ... on level 8 of the Dungeon.
             The game lasted 00:19:27 (5501 turns).

snilloc10 the Cleaver (Hill Orc Fighter)            Turns: 5501, Time: 00:19:28

Health: -1/75      AC: 11    Str: 20    XL:     8   Next: 38%
Magic:  8/8        EV:  5    Int:  8    God:
Gold:   265        SH:  9    Dex: 11    Spells: 7/7 levels left

rFire    . . .     SeeInvis .   a - +1 war axe
rCold    + . .     Gourm    .   c - +0 kite shield
rNeg     . . .     Faith    .   x - +0 chain mail
rPois    .         Spirit   .   y - +0 helmet
rElec    .         Reflect  .   i - +0 cloak
rCorr    .         Harm     .   (no gloves)
MR       .....                  (no boots)
Stlth    ..........             (no amulet)
HPRegen  0.22/turn              z - ring of ice
MPRegen  0.11/turn              m - ring of protection from fire

@: lethally poisoned (-1 -> -27)
A: no striking features
a: no special abilities


You were on level 8 of the Dungeon.
You were near starving.

You visited 1 branch of the dungeon, and saw 6 of its levels.
You also visited: Sewer.

You collected 265 gold pieces.

Inventory:

Hand Weapons
 a - a +1 war axe (weapon)
Armour
 b - a +0 scale mail
 c - a +0 kite shield (worn)
 i - a +0 cloak (worn)
 x - a +0 chain mail (worn)
 y - a +0 helmet (worn)
Jewellery
 m - a ring of protection from fire (right hand)
 w - a cursed amulet of inaccuracy
 z - a ring of ice (left hand)
Wands
 e - a wand of digging (6)
 g - a wand of paralysis (3)
 r - a wand of random effects (19)
Scrolls
 d - a scroll of blinking
 h - a scroll of noise
 j - 2 scrolls of remove curse
 k - 2 scrolls of magic mapping
 o - 2 scrolls of teleportation
 p - a scroll of identify
Potions
 l - 3 potions of resistance
 q - a potion of brilliance {unknown}
 s - a potion of mutation {unknown}
 t - a potion of ambrosia {unknown}
 u - a potion of berserk rage {unknown}
 v - a potion of degeneration {unknown}
Comestibles
 f - 9 rations
 n - 2 chunks of flesh


   Skills:
 * Level 8.7 Fighting
 - Level 9.5 Axes
 - Level 3.3 Armour
 - Level 3.3 Shields


You had 7 spell levels left.
You didn't know any spells.
Your spell library was empty.

Dungeon Overview and Level Annotations

Branches:
Dungeon (5/15)              Sewer (visited)
 Temple: D:4-7

Altars:
Cheibriados
Dithmenos
Ru
Uskayaw
Zin


Message History

Your shield and chain mail prevent you from hitting the killer bee.
You completely miss the killer bee.
You feel sick. You block the killer bee's attack. The killer bee stings you.
* * * LOW HITPOINT WARNING * * *
The killer bee stings you but does no damage.
You block the killer bee's attack. The killer bee stings you.
* * * LOW HITPOINT WARNING * * *
You are more poisoned.
The killer bee poisons you! The killer bee barely misses you.
You completely miss the killer bee.
The killer bee is heavily wounded.
You barely miss the killer bee. You closely miss the killer bee.
* * * LOW HITPOINT WARNING * * *
You feel very sick. The killer bee closely misses you.
The killer bee stings you.
* * * LOW HITPOINT WARNING * * *
The killer bee stings you.
* * * LOW HITPOINT WARNING * * *
You block the killer bee's attack. The killer bee stings you.
You die...

#####
#...########
##...#......#
##y...#.<...#
#@yy.O..<...#
###y#...#.....#
#..(#...#.....#
#.#######.....#
#.# ###.### #.#
.# #.# .. #.#
..# #.#


You could see a two-headed ogre and 4 killer bees.

Vanquished Creatures
  A hungry ghost (D:8)
  2 phantoms (D:4)
  2 ogres
  A crocodile (Sewer)
  A scorpion (D:4)
  A howler monkey (D:4)
  A centaur skeleton (D:8)
  An orc wizard (D:4)
  Ijyb (D:3)
  7 worker ants
  Robin (D:3)
  A gnoll (D:1)
  12 adders
  A shadow imp (D:8)
  2 adder skeletons (D:4)
  4 worms
  2 dart slugs
  6 leopard geckos
  7 orcs
  8 giant cockroaches
  7 hobgoblins
  6 jackals (D:3)
  8 kobolds
  A ball python (D:1)
  11 bats
  5 frilled lizards
  19 goblins
  A leopard gecko skeleton (D:4)
  9 rats
129 creatures vanquished.

Notes
Turn   | Place    | Note
-------+----------+-------------------------------------------
     0 | D:1      | snilloc10 the Hill Orc Fighter began the quest for the Orb.
     0 | D:1      | Reached XP level 1. HP: 19/19 MP: 1/1
   104 | D:1      | Reached skill level 3 in Axes
   297 | D:1      | Reached XP level 2. HP: 24/27 MP: 2/2
   426 | D:1      | Reached skill level 4 in Axes
   498 | D:1      | Reached XP level 3. HP: 32/33 MP: 3/3
   729 | D:1      | Reached skill level 5 in Axes
  1026 | D:2      | Noticed an ogre
  1031 | D:2      | Killed an ogre
  1031 | D:2      | Reached skill level 6 in Axes
  1031 | D:2      | Reached XP level 4. HP: 12/40 MP: 4/4
  1031 | D:2      | Reached XP level 5. HP: 14/46 MP: 5/5
  1380 | D:2      | Reached skill level 7 in Axes
  1494 | D:2      | Found a faded altar of an unknown god.
  2060 | D:3      | Found a hide-covered altar of Uskayaw.
  2236 | D:3      | Paralysed by an orc for 4 turns
  2397 | D:3      | Reached skill level 8 in Axes
  2397 | D:3      | Reached XP level 6. HP: 22/52 MP: 6/6
  2642 | D:3      | Found a snail-covered altar of Cheibriados.
  2803 | D:3      | Noticed Ijyb
  2834 | D:3      | Killed Ijyb
  3026 | D:3      | Noticed Robin
  3054 | D:3      | Killed Robin
  3478 | D:3      | Found a shadowy altar of Dithmenos.
  3544 | D:4      | Noticed a phantom
  3555 | D:4      | Reached skill level 9 in Axes
  3573 | D:4      | Reached XP level 7. HP: 7/60 MP: 7/7
  3789 | D:4      | Reached skill level 5 in Fighting
  4191 | D:4      | HP: 3/62 [phantom (7)]
  4831 | D:4      | Reached XP level 8. HP: 73/73 MP: 8/8
  4971 | D:4      | Found a glowing silver altar of Zin.
  5123 | D:5      | Entered Level 5 of the Dungeon
  5204 | D:5      | Found a sacrificial altar of Ru.
  5226 | D:5      | Found a glowing drain.
  5291 | Sewer    | Entered a sewer
  5436 | D:5      | You fall into a shaft and drop 3 floors!
  5498 | D:8      | Noticed a two-headed ogre
  5501 | D:8      | Slain by a killer bee

Illustrated notes

Levels and vault maps discovered:
D:1:      dpeg_arrival_shelter, layout_basic
D:2:      layout_basic, chequers_ecumenical_altar_twisty
D:3:      layout_loops_ring, kennysheep_slug_shrine,
          grunt_dithmenos_smoke_and_mirrors, marbit_many_paths,
          saegor_snake_ambush, uniq_ijyb, uniq_robin
D:4:      wander_river, layout_basic, lemuel_doored_altar, first_ration,
          serial_bayou_pond_b
D:5:      layout_cave_pools, old_standard_altar, old_standard_altar,
          portal_sewer_entry_a, uniq_duvessa
D:8:      minmay_gate_of_8, layout_rooms, yredelemnul_forgotten_temple_becter,
          nicolae_overflow_hidden_temple

Skill      XL: |  1  2  3  4  5  6  7  8 |
---------------+-------------------------+-----
Axes           | 3 4 6 8 9 |  9.5
Fighting       | 4 7 8 |  8.7
Armour         | |  3.3
Shields        | |  3.3

Action                   |  1- 3 |  4- 6 |  7- 9 || total
-------------------------+-------+-------+-------++-------
Melee: War axe           |   101 |   246 |   168 ||   515
Evoke: Wand              |       |       |     1 ||     1
  Use: Scroll            |       |     5 |     7 ||    12
       Potion            |       |     1 |     4 ||     5
  Eat: Chunk             |     1 |     8 |     3 ||    12
       Ration            |       |       |     1 ||     1
Armor: Scale mail        |    49 |    82 |       ||   131
       Chain mail        |       |    26 |    99 ||   125
Dodge: Dodged            |    27 |    63 |    37 ||   127
Block: Kite shield       |    48 |   112 |    83 ||   243
